 Dungeon Crawl Stone Soup version 0.31.0-9-g3a7656b989 (webtiles) character file.

Game seed: 722952641742123963

38 Doomgape the Cudgeller (level 3, 0/23 HPs)
             Began as a Gargoyle Berserker on Feb 1, 2024.
             Was a Follower of Trog.
             Slain by a kobold
             ... wielding a +0 short sword
              (1 damage)
             ... on level 2 of the Dungeon.
             The game lasted 00:01:38 (959 turns).

Doomgape the Cudgeller (Gargoyle Berserker)          Turns: 959, Time: 00:01:39

Health: 0/23       AC:  5    Str: 22    XL:     3   Next: 43%
Magic:  3/3        EV: 11    Int:  7    God:    Trog [*.....]
Gold:   56         SH:  0    Dex:  9    Spells: 2/2 levels left

rFire   . . .        a - +0 mace
rCold   . . .        (no shield)
rNeg    + . .        b - +0 animal skin
rPois   ∞            (no helmet)
rElec   +            (no cloak)
rCorr   .            (no gloves)
SInv    .            (no boots)
Will    .....        (no amulet)
Stlth   +            (no ring)
HPRegen 0.23/turn    (no ring)
MPRegen 0.08/turn

%: no passive effects
@: no status effects
A: sickness immunity, AC +3, negative energy resistance 1, electricity
resistance, torment resistance 1, petrification resistance
a: Renounce Religion, Berserk


You were on level 2 of the Dungeon.
You worshipped Trog.
Trog was aware of your devotion.
You visited 1 branch of the dungeon, and saw 2 of its levels.

You collected 56 gold pieces.

Inventory:

Hand Weapons
 a - a +0 mace (weapon)
 c - a +4 short sword of protection
Armour
 b - a +0 animal skin (worn)
Scrolls
 d - 2 scrolls of fog {unknown}
 e - 2 scrolls of identify {unknown}
 g - a scroll of noise {unknown}
 h - a scroll of teleportation {unknown}
 i - a scroll of acquirement {unknown}
 j - a scroll of enchant armour {unknown}
Potions
 f - a potion of curing {unknown}


   Skills:
 - Level 3.2 Fighting
 + Level 4.4 Maces & Flails
 - Level 2.1 Armour
 - Level 1.5 Dodging


You had 2 spell levels left.
You didn't know any spells.
Your spell library was empty.

Dungeon Overview and Level Annotations

Branches:
Dungeon (2/15)

Altars:


Innate Abilities, Weirdness & Mutations

You are immune to sickness and miasma.
Your stone body is resilient. (AC +3)
You are immune to poison.
You resist negative energy. (rN+)
You are resistant to electric shocks. (rElec)
You are resistant to unholy torment.
You are immune to petrification.


Message History

You hit the rat.
You kill the rat!
Trog accepts your kill. The kobold hits you but does no damage.
You closely miss the kobold. The kobold barely misses you.
You barely miss the ribbon worm. The kobold misses you.
The ribbon worm bites you but does no damage.
You hit the ribbon worm.
The ribbon worm is lightly wounded.
The kobold barely misses you. The ribbon worm bites you.
You hit the ribbon worm.
The ribbon worm is heavily wounded.
The kobold misses you. The ribbon worm bites you. The kobold barely misses you.
You hit the ribbon worm.
The ribbon worm is severely wounded.
The ribbon worm closely misses you. The kobold closely misses you.
You hit the ribbon worm.
The ribbon worm is severely wounded.
The kobold closely misses you.
The ribbon worm bites you but does no damage.
You sock the ribbon worm!
You kill the ribbon worm!
Trog accepts your kill.
The kobold hits you with a +0 short sword.
* * * LOW HITPOINT WARNING * * *
The kobold hits you with a +0 short sword.
* * * LOW HITPOINT WARNING * * *
Things that are here:
an adder corpse; a bat corpse You barely miss the kobold.
The kobold barely misses you.
You hit the kobold but do no damage.
The kobold hits you with a +0 short sword.
* * * LOW HITPOINT WARNING * * *
The kobold hits you but does no damage.
You closely miss the kobold.
The kobold hits you with a +0 short sword.
* * * LOW HITPOINT WARNING * * *
You closely miss the kobold.
The kobold hits you with a +0 short sword.
You die...

########.#######
.......#.#.....[..##.....
.......#.#......?.#..#.#.
.......#.#...............
.......#.#b..........#.#.
.#######.########........
.# #.# ......... .# #.#
##........ .##
##.#######@K......# ..#
###.......#..######.#
.####...#####...##
.#.............##
.#.#...........#
.#.##.....>....#
.#.#########..## .#.#..##
##..# .#.#...## #...#


You could see a kobold.

Vanquished Creatures
  An adder (D:2)
  A dart slug (D:1)
  A ribbon worm (D:2)
  A giant cockroach (D:1)
  4 goblins
  4 hobgoblins (D:1)
  2 kobolds (D:1)
  A quokka (D:1)
  2 ball pythons
  3 bats
  A frilled lizard (D:1)
  2 rats
23 creatures vanquished.

Notes
Turn   | Place    | Note
-------+----------+-------------------------------------------
     0 | D:1      | Doomgape the Gargoyle Berserker began the quest for the
                  | Orb.
     0 | D:1      | Reached XP level 1. HP: 14/14 MP: 1/1
   165 | D:1      | Reached XP level 2. HP: 16/19 MP: 2/2
   691 | D:1      | Reached skill level 4 in Maces & Flails
   909 | D:2      | Reached XP level 3. HP: 20/23 MP: 3/3
   958 | D:2      | HP: 1/23 [kobold/+0 short sword (2)]
   959 | D:2      | Slain by a kobold

Illustrated notes

Levels and vault maps discovered:
D:1:      psy_arrival_conway, layout_basic
D:2:      layout_rooms, serial_co_window_serial, co_window_corner_a,
          co_window_corner_a, co_window_corner_a, co_window_paths_b,
          co_window_paths_a, co_window_corner_ca, co_window_broadway_a,
          co_window_unsneaky_path_c, co_window_sun, glass_columns_a,
          glass_columns_b, glass_columns_b, glass_columns_b, glass_columns_a,
          minmay_puff

Skill      XL: |  1  2 |
---------------+-------+-----
Maces & Flails | 4 |  4.4
Fighting       | |  3.2
Armour         | |  2.1
Dodging        | |  1.5

Action                     || total
---------------------------++-------
  Melee: Short sword       ||    22
         Mace              ||    55
 Armour: Animal skin       ||    66
  Dodge: Dodged            ||    56
